 Dungeon Crawl Stone Soup version 0.31.0-2-g5a2aebc5c2 (webtiles) character file.

Game seed: 10533581979303258643

1283 apoch the Cleaver (level 8, -1/69 (71) HPs)
             Began as a Hill Orc Fighter on Jan 20, 2024.
             Slain by a wight
             ... wielding a +4 dagger
              (8 damage)
             ... on level 6 of the Dungeon.
             The game lasted 00:13:37 (4970 turns).

apoch the Cleaver (Hill Orc Fighter)                Turns: 4970, Time: 00:13:37

HP:   -1/69 (71)    AC: 11    Str: 27    XL:     8   Next: 54%
MP:   8/8           EV:  9    Int:  8    God:
Gold: 328           SH:  5    Dex: 10    Spells: 7/7 levels left

rFire   + . .        a - +0 war axe
rCold   + . .        c - +1 buckler
rNeg    . . .        b - +0 scale mail
rPois   .            (no helmet)
rElec   +            g - +0 cloak
rCorr   .            l - +2 pair of gloves
SInv    .            (no boots)
Will    .....        A - amulet of Quinemat {Faith rElec rF+ rC+} Stlth
                     e - +4 ring of slaying
HPRegen 0.31/turn    k - +6 ring of strength
MPRegen 0.11/turn

%: faith
@: lightly drained
A: no striking features
a: no special abilities


You were on level 6 of the Dungeon.
You visited 2 branches of the dungeon, and saw 7 of its levels.

You collected 328 gold pieces.

Inventory:

Hand Weapons
 a - a +0 war axe (weapon)
Missiles
 s - 4 poisoned darts
 t - 12 boomerangs (quivered)
 u - 13 stones
 B - 2 throwing nets
Armour
 b - a +0 scale mail (worn)
 c - a +1 buckler (worn)
 g - a +0 cloak (worn)
 l - a +2 pair of gloves (worn)
Jewellery
 e - a +4 ring of slaying (left hand)
 f - a ring of magical power
 j - a +6 ring of dexterity
 k - a +6 ring of strength (right hand)
 q - a ring of willpower
 x - a ring of fire
 A - the amulet of Quinemat (around neck) {Faith rElec rF+ rC+}
   (You acquired it on level 6 of the Dungeon)

   [amulet of faith]

   Faith:     It allows you to gain divine favour quickly.
   rF+:       It protects you from fire.
   rC+:       It protects you from cold.
   rElec:     It insulates you from electricity.
Scrolls
 p - 2 scrolls of immolation
 v - 5 scrolls of teleportation
Potions
 d - 2 potions of might
 i - a potion of cancellation
 m - 4 potions of enlightenment
 n - a potion of lignification {unknown}
 o - a potion of heal wounds {unknown}
 r - a potion of brilliance
 w - a potion of curing
 z - a potion of magic {unknown}
 C - a potion of ambrosia {unknown}


   Skills:
 + Level 6.5 Fighting
 - Level 12.0 Axes
 - Level 3.2 Armour
 - Level 3.2 Shields


You had 7 spell levels left.
You didn't know any spells.
Your spell library contained the following spells:

 Spells                   Type           Power      Damage    Failure   Level
 Leda's Liquefaction      Alch/Erth      0%         N/A       100%        4
 Lee's Rapid Deconstruct  Erth           0%         3d4*      100%        5
 Bombard                  Conj/Erth      0%         9d1       100%        6


Dungeon Overview and Level Annotations

Branches:
Dungeon (6/15)             Temple (1/1) D:4

Altars:
Ashenzari
Dithmenos
Elyvilon
Fedhas
Gozag
Makhleb
Nemelex Xobeh
Okawaru
Ru
Sif Muna
Uskayaw
Vehumet
Wu Jian
Xom
The Shining One

Shops:
D:1 [   D:5 ?


Message History

Your butterfly disappears in a burst of colours!
The wight hits your butterfly with a +4 dagger.
Your butterfly dies!
Your butterfly disappears in a burst of colours!
The orc warrior hits you with a +0 trident!
You block the wight's attack.
You barely miss the orc warrior.
The orc warrior is almost dead.
You hit the wight but do no damage. You block the wight's attack.
The orc warrior hits you with a +0 trident.
You hit the orc warrior but do no damage.
The orc warrior is almost dead.
You closely miss the wight. x2
Your butterfly disappears in a burst of colours! x2
The wight barely misses you. The wight hits you with a +4 dagger.
The orc warrior hits you with a +0 trident!
You slash the orc warrior!
You kill the orc warrior!
You hit the wight. You closely miss the wight.
The wight hits you with a +4 long sword!
The wight hits you but does no damage.
Your life force feels restored.
Your Fighting skill increases to level 6!
You hit the wight but do no damage.
The wight is moderately damaged.
You closely miss the wight.
Your butterfly disappears in a burst of colours!
The wight hits you with a +4 long sword.
* * * LOW HITPOINT WARNING * * *
You feel drained.
* * * LOW HITPOINT WARNING * * *
The wight hits you with a +4 dagger.
* * * LOW HITPOINT WARNING * * *
Unknown command.
You slice the wight!!
You destroy the wight!
You hit the wight.
Your butterfly disappears in a burst of colours!
The wight hits you with a +4 dagger!
You die...

###.bb..b..##**,,,** *,,*
####...b...## ***>,****,**
#########...## **,,,*,,* ###
##...# *,,,,,,* ### ##b.##
**,,,,,* *** ### ##..##
**,,,.* **,* ### ##..##
**,...****,,* ###
##.)###.....,,,,,** ###
#..@)......,,,,** ###
#bb)z......,,,,** ###
*#......b...,,,,,* ###
**#...........,,,,,** ###
*******...bb..b.....,,,,,,**
###
*,,,,,........######****,,,*
### *,,,,........## **,,*
*,,,,###.....# ******,,*
****** **,,,,* ***,,,**,,*


You could see a wight.

Vanquished Creatures
  A hornet (D:5)
  Menkaure (D:5)
  An ice beast (D:5)
  An orc warrior (D:6)
  A black bear (D:5)
  An ogre (D:5)
  A scorpion (D:6)
  2 wights (D:6)
  2 jellies
  A bombardier beetle (D:5)
  4 hounds
  3 orc priests (D:5)
  A gnoll bouda (D:5)
  An orc wizard (D:6)
  5 gnolls
  An adder (D:4)
  A shadow imp (D:5)
  2 ufetubi (D:5)
  A dart slug (D:3)
  3 ribbon worms
  12 orcs
  4 bats
  6 endoplasms
  3 giant cockroaches
  6 goblins
  4 hobgoblins
  2 jackals (D:1)
  5 kobolds
  2 quokkas
  6 ball pythons
  6 frilled lizards
  5 rats
95 creatures vanquished.

Notes
Turn   | Place    | Note
-------+----------+-------------------------------------------
     0 | D:1      | apoch the Hill Orc Fighter began the quest for the Orb.
     0 | D:1      | Reached XP level 1. HP: 19/19 MP: 1/1
    81 | D:1      | Reached skill level 3 in Axes
   113 | D:1      | Found Vigiduq's Armour Boutique.
   197 | D:1      | Reached XP level 2. HP: 23/26 MP: 2/2
   257 | D:1      | Reached skill level 4 in Axes
   634 | D:2      | Reached XP level 3. HP: 21/31 MP: 3/3
  1171 | D:2      | Reached skill level 5 in Axes
  1575 | D:3      | Reached skill level 6 in Axes
  1575 | D:3      | Reached XP level 4. HP: 20/39 MP: 4/4
  2128 | D:4      | Found a hide-covered altar of Uskayaw.
  2217 | D:4      | Found a staircase to the Ecumenical Temple.
  2226 | Temple   | Entered the Ecumenical Temple
  2326 | D:4      | Found a burning altar of Makhleb.
  2801 | D:5      | Entered Level 5 of the Dungeon
  2805 | D:5      | Reached XP level 5. HP: 42/45 MP: 5/5
  2895 | D:5      | Reached skill level 7 in Axes
  2898 | D:5      | Noticed an ice beast
  2914 | D:5      | Killed an ice beast
  2915 | D:5      | Reached skill level 8 in Axes
  2915 | D:5      | Reached XP level 6. HP: 7/51 MP: 6/6
  3170 | D:5      | Noticed Menkaure
  3183 | D:5      | Killed Menkaure
  3184 | D:5      | Reached skill level 9 in Axes
  3422 | D:5      | Reached XP level 7. HP: 57/57 MP: 7/7
  3691 | D:5      | Noticed a hornet
  3696 | D:5      | Paralysed by a hornet for 2 turns
  3698 | D:5      | Killed a hornet
  3699 | D:5      | Reached skill level 10 in Axes
  3703 | D:5      | Reached skill level 11 in Axes
  3809 | D:5      | Found Poezxue's Magic Scroll Shop.
  4228 | D:4      | Found a blossoming altar of Fedhas.
  4270 | D:6      | Reached XP level 8. HP: 67/67 MP: 8/8
  4279 | D:6      | Identified a scroll of acquirement
  4279 | D:6      | Acquired the amulet of Quinemat {Faith rElec rF+ rC+}
  4433 | D:5      | Reached skill level 5 in Fighting
  4961 | D:6      | Reached skill level 12 in Axes
  4970 | D:6      | Slain by a wight

Illustrated notes

Levels and vault maps discovered:
D:1:      dpeg_arrival_snail, layout_rooms, serial_shops,
          nicolae_shop_tiny_real_fake_doors
D:2:      layout_basic
D:3:      layout_rooms, minmay_circle_x
D:4:      layout_loops_ring, nicolae_uskayaw_murder_on_the_dancefloor,
          nicolae_overflow_hidden_temple, minmay_temple_entry_stoned_glass
D:5:      layout_loops_corners, serial_shops, nicolae_shop_advertising_works
          [nicolae_subvault_shop_adworks], uniq_menkaure
D:6:      layout_layer_cave, kennysheep_mini_moat, serial_shops, shop,
          nicolae_shop_gadgets
Temple:   hellmonk_temple_flake

Skill      XL: |  1  2  3  4  5  6  7  8 |
---------------+-------------------------+-----
Axes           | 3 4 6 8 9 11 12 | 12.0
Fighting       | 4 6 |  6.5
Armour         | |  3.2
Shields        | |  3.2

Action                     |  1- 3 |  4- 6 |  7- 9 || total
---------------------------+-------+-------+-------++-------
  Melee: War axe           |   133 |    43 |    85 ||   261
  Throw: Stone             |    22 |       |       ||    22
         Boomerang         |     2 |    33 |    25 ||    60
    Use: Scroll            |       |     7 |     9 ||    16
 Armour: Scale mail        |   103 |    41 |    78 ||   222
  Dodge: Dodged            |    70 |    14 |    34 ||   118
  Block: Buckler           |    27 |     7 |    24 ||    58
